 Dungeon Crawl Stone Soup version 0.28.0 (webtiles) character file.

Game seed: 14748526768156715131

126 tilp the Chopper (level 5, -2/46 HPs)
             Began as a Hill Orc Fighter on Feb 15, 2022.
             Slain by Sigmund (10 damage)
             ... on level 3 of the Dungeon.
             The game lasted 00:02:52 (3327 turns).

tilp the Chopper (Hill Orc Fighter)                 Turns: 3327, Time: 00:02:52

Health: -2/46      AC:  6    Str: 21    XL:     5   Next: 10%
Magic:  5/5        EV:  9    Int:  8    God:
Gold:   117        SH:  0    Dex: 10    Spells: 4/4 levels left

rFire   . . .      SeeInvis .   a - +0 war axe
rCold   . . .      Faith    .   c - +0 buckler
rNeg    . . .      Spirit   .   b - +0 scale mail
rPois   .          Reflect  .   (no helmet)
rElec   .          Harm     .   (no cloak)
rCorr   .          Rampage  .   (no gloves)
Will    .....                   (no boots)
Stlth   ..........              (no amulet)
HPRegen 0.15/turn               (no ring)
MPRegen 0.09/turn               (no ring)

@: confused, mighty
A: no striking features
a: no special abilities


You were on level 3 of the Dungeon.
You visited 1 branch of the dungeon, and saw 3 of its levels.

You collected 117 gold pieces.

Inventory:

Hand Weapons
 a - a +0 war axe (weapon)
Missiles
 g - 2 boomerangs
 h - 3 poisoned darts (quivered)
Armour
 b - a +0 scale mail (worn)
 c - a +0 buckler (worn)
Potions
 d - a potion of might
 e - 2 potions of mutation
 j - a potion of curing
 k - a potion of heal wounds {unknown}


   Skills:
 - Level 4.0 Fighting
 * Level 6.5 Axes
 - Level 3.2 Armour
 - Level 3.2 Shields


You had 4 spell levels left.
You didn't know any spells.
Your spell library was empty.

Dungeon Overview and Level Annotations

Branches:
Dungeon (3/15)

Altars:

Shops:
D:3 [

Annotations:
D:3 Sigmund


Message History

You start resting.
Sigmund is nearby!
You feel very mighty all of a sudden. Sigmund misses you.
Sigmund drinks a potion.
Sigmund seems to grow stronger.
You closely miss Sigmund. Sigmund asks, "Do you like me?"
Sigmund gestures at you while chanting.
You are confused.
You bump into the rock wall.
Sigmund casts a spell at you. You resist with some effort.
You bump into the rock wall.
Sigmund points at you and mumbles some strange words.
You are more confused.
You bump into the rock wall.
Sigmund closely misses you.
You bump into the rock wall.
You completely miss Sigmund. Sigmund closely misses you.
You slice Sigmund!!
Sigmund is severely wounded.
Sigmund points at you and mumbles some strange words.
The puff of flame hits you.
You closely miss Sigmund.
Sigmund is severely wounded.
Sigmund hits you with a +0 scythe!
You bump into the rock wall.
Sigmund hits you with a +0 scythe.
You bump into the rock wall.
Sigmund hits you from afar with a +0 scythe!
* * * LOW HITPOINT WARNING * * *
You bump into the rock wall.
Sigmund mumbles some strange words.
Sigmund flickers and vanishes!
Deactivating autopickup; reactivate with Ctrl-A.
You bump into the rock wall.
You hear some strange, mumbled words.
You are more confused.
Something hits you!
* * * LOW HITPOINT WARNING * * *
You bump into the rock wall.
Something hits you!
You die...

. #...#.............
#♣♣.♣♣#.#...............
........###.......>.....
#♣♣.♣♣#.####.###...##.#.
#......# #...####.
#.###### #...# #. # #.#
###...# #. ###..###.#
#.....####. #......{@#
#.##....... .....#####
#.########. #.# #...####
## ## ###.#....#### ..
#...#.....##.
#.#.###.#.#.##.
#.......#...##.
##....###.#....
####.....#....


There were no monsters in sight!

Vanquished Creatures
  3 adders
  4 gnolls
  A worm (D:3)
  2 dart slugs (D:1)
  5 endoplasms
  3 giant cockroaches
  7 goblins
  2 hobgoblins
  3 jackals (D:1)
  A quokka (D:1)
  9 ball pythons
  4 bats (D:1)
  2 frilled lizards
  A kobold (D:1)
  8 rats
55 creatures vanquished.

Vanquished Creatures (others)
  A fungus (D:1)
  A plant (D:1)
2 creatures vanquished.

Grand Total: 57 creatures vanquished

Notes
Turn   | Place    | Note
-------+----------+-------------------------------------------
     0 | D:1      | tilp the Hill Orc Fighter began the quest for the Orb.
     0 | D:1      | Reached XP level 1. HP: 19/19 MP: 1/1
    67 | D:1      | Reached skill level 3 in Axes
   245 | D:1      | Reached XP level 2. HP: 27/27 MP: 2/2
   481 | D:1      | Found a faded altar of an unknown god.
   493 | D:1      | Reached skill level 4 in Axes
   621 | D:1      | Reached XP level 3. HP: 33/33 MP: 3/3
  1298 | D:1      | Reached skill level 5 in Axes
  1755 | D:2      | Reached XP level 4. HP: 40/40 MP: 4/4
  2529 | D:2      | Reached skill level 6 in Axes
  3035 | D:3      | Found Ozaz's Antique Armour Shoppe.
  3079 | D:3      | Reached XP level 5. HP: 46/46 MP: 5/5
  3302 | D:3      | Noticed Sigmund
  3327 | D:3      | Slain by Sigmund

Illustrated notes

Levels and vault maps discovered:
D:1:      dpeg_arrival_fog, layout_basic,
          dreamdust_ecumenical_altar_hidden_monk_grotto, st_stairs_3
D:2:      layout_basic, minmay_fountain_box, grunt_ministairs_15
D:3:      layout_loops_cross, serial_shops, shop,
          hangedman_abyss_or_decor_stabs, minmay_tree_intersection,
          minmay_misc_feat_secret_circle, minmay_vboxes, uniq_robin,
          uniq_sigmund

Skill      XL: |  1  2  3  4 |
---------------+-------------+-----
Axes           | 3 4 5 6 |  6.5
Fighting       | 4 |  4.0
Armour         | |  3.2
Shields        | |  3.2

Action                   |  1- 3 |  4- 6 || total
-------------------------+-------+-------++-------
Melee: War axe           |    89 |    49 ||   138
  Use: Scroll            |     1 |     2 ||     3
       Potion            |       |     1 ||     1
Armor: Scale mail        |    43 |    10 ||    53
Dodge: Dodged            |    52 |    26 ||    78
Block: Buckler           |    13 |    10 ||    23
